 Dungeon Crawl Stone Soup version 0.17.1-3-g152610e (webtiles) character file.

911 Jerry the Gusty (level 7, -5/52 HPs)
             Began as a Vampire Air Elementalist on Mar 30, 2016.
             Slain by a mummy (18 damage)
             ... in an ossuary.
             The game lasted 00:36:07 (4977 turns).

Jerry the Gusty (Vampire Air Elementalist)          Turns: 4977, Time: 00:36:07

Health: -5/52      AC:  7    Str:  8    XL:     7   Next: 82%
Magic:  11/11      EV: 14    Int: 19    God:
Gold:   156        SH:  0    Dex: 16    Spells: 3 memorised, 6 levels left

rFire  . . .     SeeInvis +     r - +2 hand axe (venom)
rCold  + . .     Clarity  .     v - +1 leather armour {rC+}
rNeg   . . .     SustAt   .     (no shield)
rPois  .         Gourm    .     l - +0 hat
rElec  .         Spirit   .     t - +0 cloak (curse)
rCorr  .         Warding  .     j - +0 pair of gloves (curse)
rMut   .         Stasis   .     p - +0 pair of boots
MR     .....                    (no amulet)
Stlth  ++........               (no ring)
                                g - +2 ring of dexterity

@: regenerating quickly, not resistant to hostile enchantments, unstealthy
A: fangs 3, see invisible, unbreathing
a: no special abilities


You were in an ossuary.
You were very full.

You visited 1 branch of the dungeon, and saw 4 of its levels.
You also visited: Ossuary.

You collected 156 gold pieces.

Inventory:

Hand Weapons
 c - a +1 dagger of draining
 f - a +0 dagger
 r - a +2 hand axe of venom (weapon)
 w - a +1 dagger of venom
Armour
 a - a +0 robe
 j - a cursed +0 pair of gloves (worn)
 l - a +0 hat (worn)
 p - a +0 pair of boots (worn)
 t - a cursed +0 cloak (worn)
 v - a +1 leather armour of cold resistance (worn)
Jewellery
 g - a +2 ring of dexterity (left hand)
Scrolls
 k - a scroll of noise {unknown}
 m - a scroll of random uselessness {unknown}
 s - a scroll of magic mapping {unknown}
Potions
 e - 4 potions of curing
 i - a potion of invisibility
 n - 3 potions of blood
 o - a potion of heal wounds
 q - a potion of resistance
 u - a potion of ambrosia
 x - a potion of haste
Books
 b - a book of Air

   Spells                             Type                      Level
   a - Shock                          Conjuration/Air              1
   b - Swiftness                      Charms/Air                   2
   c - Repel Missiles                 Charms/Air                   2
   d - Static Discharge               Conjuration/Air              3
   e - Lightning Bolt                 Conjuration/Air              5


   Skills:
 + Level 3.0 Fighting
 + Level 2.6 Armour
 + Level 5.2 Dodging
 - Level 3.0 Stealth
 - Level 3.1 Spellcasting
 - Level 2.1 Conjurations
 + Level 5.3 Air Magic


You had 6 spell levels left.
You knew the following spells:

 Your Spells              Type           Power        Failure   Level  Hunger
a - Shock                 Conj/Air       ###.         6%          1    None
b - Swiftness             Chrm/Air       ##......     14%         2    ##.....
c - Static Discharge      Conj/Air       ###.....     17%         3    ###....


Dungeon Overview and Level Annotations

Branches:
Dungeon (4/15)
 Temple: D:4-7

Altars:
Trog


Innate Abilities, Weirdness & Mutations

Your natural rate of healing is unusually fast.
You have razor-sharp teeth.
You have supernaturally acute eyesight.
You can survive without breathing.


Message History

There is an open door here.
There is a click, and some walls slide away!
The mummy hits you!
You hit the mummy but do no damage. The mummy hits you!
You hit the mummy but do no damage. You bite the mummy.
The mummy is moderately damaged.
The mummy completely misses you.
You hit the mummy.
The mummy is moderately damaged.
You slash the mummy! Your bite misses the mummy.
The mummy is severely damaged.
The mummy hits you.
You hit the mummy but do no damage. You bite the mummy.
The mummy is almost destroyed.
The mummy hits you!
* * * LOW HITPOINT WARNING * * *
You hit the mummy.
The mummy is almost destroyed.
The mummy hits you!!
You die...

..#.#....# .............'.'..#
..#.'........!?!........#.#..#
..'.#.......??$!?.......#.#..#
..########..?$∩$!..########..#
..#.'.......??$/!.......#.'..#
..#.#........?!!........'.#..#
..'.#...................#.#..#
..###.....M........'....###..#
..#.#######...#M@....####.'..#
..#.#....#....#.........#.#..#
..'.#....#....#....#....#.#..#
..###....#....#....#....###..#
..#.#....#....#....#....#.'..#
..#.#'######'###'####'###.#..#
..#...#...#...#...#...#...#..#
..###'###'###'###'###'#####..#
.............................#


You could see 2 mummies.

Vanquished Creatures
  Menkaure (Ossuary)
  2 elf zombies (Ossuary)
  2 orc wizards (D:3)
  A hound (D:4)
  3 centaur zombies (Ossuary)
  3 human zombies
  2 human skeletons (D:4)
  2 ogre zombies (Ossuary)
  4 mummies (Ossuary)
  5 adders
  7 gnolls (D:2)
  2 oozes
  2 adder zombies (Ossuary)
  A worm (D:3)
  A giant gecko (D:1)
  7 orcs (D:3)
  5 giant cockroaches
  3 gnoll zombies (Ossuary)
  12 goblins
  10 hobgoblins
  6 jackals
  4 quokkas
  9 bats
  8 giant newts
  3 goblin zombies (Ossuary)
  4 hobgoblin zombies (Ossuary)
  11 kobolds
  2 kobold zombies (Ossuary)
  An orc skeleton (D:4)
  An orc zombie (Ossuary)
  4 quokka zombies (Ossuary)
  3 rats (D:1)
  3 rat zombies (Ossuary)
134 creatures vanquished.

Vanquished Creatures (others)
  A wizard (D:3)
1 creature vanquished.

Grand Total: 135 creatures vanquished

Notes
Turn   | Place    | Note
--------------------------------------------------------------
     0 | D:1      | Jerry the Vampire Air Elementalist began the quest for the Orb.
     0 | D:1      | Reached XP level 1. HP: 13/13 MP: 3/3
   159 | D:1      | Reached skill level 1 in Conjurations
   359 | D:1      | Reached XP level 2. HP: 7/19 MP: 0/5
  1248 | D:1      | Reached XP level 3. HP: 24/24 MP: 4/6
  1547 | D:2      | Reached XP level 4. HP: 5/30 MP: 1/7
  2465 | D:2      | Reached XP level 5. HP: 35/35 MP: 1/9
  2963 | D:3      | Reached skill level 4 in Air Magic
  3087 | D:3      | Learned a level 2 spell: Swiftness
  3091 | D:3      | Learned a level 3 spell: Static Discharge
  3184 | D:3      | Found a bloodstained altar of Trog.
  3185 | D:3      | Noticed a wizard
  3190 | D:3      | Killed a wizard
  3308 | D:3      | Reached XP level 6. HP: 21/42 MP: 0/10
  3576 | D:4      | Reached skill level 1 in Fighting
  3576 | D:4      | Reached skill level 1 in Armour
  3740 | D:4      | HP: 1/43 [human skeleton (5)]
  3897 | D:4      | Found a sand-covered staircase.
  3983 | Ossuary  | Entered an ossuary
  4133 | Ossuary  | Reached XP level 7. HP: 13/50 MP: 11/11
  4498 | Ossuary  | Noticed Menkaure
  4568 | Ossuary  | Reached skill level 5 in Dodging
  4714 | Ossuary  | Reached skill level 5 in Air Magic
  4834 | Ossuary  | Gained mutation: Your body sometimes deteriorates upon taking damage. [potion of mutation]
  4834 | Ossuary  | Gained mutation: You are weak. (Str -2) [potion of mutation]
  4834 | Ossuary  | Gained mutation: Your mind is acute. (Int +2) [potion of mutation]
  4835 | Ossuary  | Lost mutation: Your mind is acute. (Int +2) [potion of cure mutation]
  4835 | Ossuary  | Lost mutation: You are weak. (Str -2) [potion of cure mutation]
  4835 | Ossuary  | Lost mutation: Your body sometimes deteriorates upon taking damage. [potion of cure mutation]
  4853 | Ossuary  | Killed Menkaure
  4977 | Ossuary  | Slain by a mummy

Action                   |  1- 3 |  4- 6 |  7- 9 || total
-------------------------+-------+-------+-------++-------
Melee: Unarmed           |    15 |       |       ||    15
       Dagger            |    29 |    48 |       ||    77
       Hand axe          |       |   137 |   153 ||   290
 Cast: Shock             |    45 |    81 |     4 ||   130
  Use: Potion            |     3 |    12 |     7 ||    22
       Scroll            |       |       |     8 ||     8
 Stab: Sleeping          |       |    12 |     5 ||    17
  Eat: Corpse            |     7 |     1 |       ||     8
